 Dungeon Crawl Stone Soup version 0.26.0-15-gc6cd9f7 (webtiles) character file.

Game seed: 7089557507420636782

1129 ilyvion the Skirmisher (level 8, -1/67 HPs)
             Began as a Gnoll Wanderer on Jan 16, 2021.
             Was a Follower of Cheibriados.
             Slain by a yak (10 damage)
             ... on level 5 of the Dungeon.
             The game lasted 00:27:56 (6442 turns).

ilyvion the Skirmisher (Gnoll Wanderer)             Turns: 6442, Time: 00:27:56

Health: -1/67      AC: 13    Str: 18    XL:     8   Next: 35%
Magic:  7/12       EV:  9    Int: 16    God:    Cheibriados [*.....]
Gold:   235        SH:  0    Dex: 18    Spells: 13/13 levels left

rFire    . . .     SeeInvis .   a - +2 quarterstaff
rCold    . . .     Faith    .   (shield currently unavailable)
rNeg     . . .     Spirit   .   t - +0 chain mail (curse)
rPois    .         Reflect  .   I - +0 helmet
rElec    .         Harm     .   i - +0 cloak
rCorr    .         Rampage  .   (no gloves)
Will     .....                  s - +0 pair of boots
Stlth    ..........             (no amulet)
HPRegen  0.21/turn              (no ring)
MPRegen  0.13/turn              (no ring)

@: hasted, quick
A: distributed training, fangs 1, strong nose
a: Renounce Religion, Bend Time


You were on level 5 of the Dungeon.
You worshipped Cheibriados.
Cheibriados was aware of your devotion.
You visited 2 branches of the dungeon, and saw 6 of its levels.
You also visited: Sewer.

You collected 235 gold pieces.

Inventory:

Hand Weapons
 a - a +2 quarterstaff (weapon)
 b - a +1 hunting sling
 q - a +0 hand crossbow
 x - a +0 flail
Missiles
 c - 57 bolts
 h - 97 stones (quivered)
 r - 30 sling bullets
 D - a throwing net
 G - 6 javelins
Armour
 i - a +0 cloak (worn)
 n - the +2 robe of Sif Muna's Whim {Str+4}
   (You found it on level 5 of the Dungeon)

   It affects your strength (+4).
 s - a +0 pair of boots (worn)
 t - a cursed +0 chain mail (worn)
 z - a +0 chain mail
 I - a +0 helmet (worn)
Jewellery
 m - an uncursed ring of protection from fire {unknown}
 A - a cursed -4 ring of intelligence {unknown}
 E - a +4 ring of protection {unknown}
Wands
 y - a wand of polymorph (7)
 B - a wand of random effects (12)
Scrolls
 f - a scroll of amnesia
 j - a scroll of remove curse
 k - 3 scrolls of fear {unknown}
 o - a scroll of teleportation
 u - 2 scrolls of random uselessness {unknown}
 v - 3 scrolls of blinking {unknown}
 C - 2 scrolls of fog {unknown}
 F - a scroll of identify {unknown}
Potions
 d - 5 potions of curing
 e - a potion of degeneration {unknown}
 g - 2 potions of haste
 l - a potion of might {unknown}
 p - a potion of invisibility {unknown}
 w - 2 potions of brilliance {unknown}
 H - 4 potions of flight {unknown}


   Skills:
 + Level 7.3 Fighting
 + Level 3.2 Short Blades
 + Level 3.2 Long Blades
 + Level 3.2 Axes
 + Level 4.1 Maces & Flails
 + Level 3.2 Polearms
 + Level 5.6 Staves
 + Level 3.2 Slings
 + Level 3.2 Bows
 + Level 3.2 Crossbows
 + Level 3.2 Throwing
 + Level 5.6 Armour
 + Level 3.2 Dodging
 + Level 3.2 Stealth
 + Level 4.1 Shields
 + Level 3.2 Unarmed Combat
 + Level 3.2 Spellcasting
 + Level 2.6 Conjurations
 + Level 2.6 Hexes
 + Level 2.6 Summonings
 + Level 2.6 Necromancy
 + Level 2.6 Translocations
 + Level 2.6 Transmutations
 + Level 2.6 Fire Magic
 + Level 2.6 Ice Magic
 + Level 2.6 Air Magic
 + Level 2.6 Earth Magic
 + Level 2.6 Poison Magic
 + Level 3.5 Invocations
 + Level 4.1 Evocations


You had 13 spell levels left.
You didn't know any spells.
Your spell library contained the following spells:

 Spells                   Type           Power        Failure   Level
 Corona                   Hex            11%          56%         1
 Ensorcelled Hibernation  Hex/Ice        20%          71%         2
 Confusing Touch          Hex            10%          91%         3
 Dazzling Flash           Conj/Hex       20%          91%         3
 Tukima's Dance           Hex            10%          91%         3


Dungeon Overview and Level Annotations

Branches:
Dungeon (5/15)             Temple (1/1) D:4           Sewer (visited)

Altars:
Ashenzari
Cheibriados
Dithmenos
Elyvilon
Fedhas
Gozag
Hepliaklqana
Makhleb
Nemelex Xobeh
Okawaru
Qazlal
Ru
Sif Muna
Trog
Vehumet
Wu Jian
Xom
Yredelemnul
Zin


Innate Abilities, Weirdness & Mutations

Your experience applies equally to all skills.
You have very sharp teeth.
Your uncanny sense of smell can sniff out nearby items.


Message History

* * * LOW HITPOINT WARNING * * *
You closely miss the yak. You bite the yak.
The yak is heavily wounded.
You sock the yak!
The yak is severely wounded.
The yak gores you.
* * * LOW HITPOINT WARNING * * *
You hit the yak but do no damage.
The yak is severely wounded.
The yak closely misses you.
You barely miss the yak. Your bite misses the yak.
The yak is severely wounded.
The yak gores you.
* * * LOW HITPOINT WARNING * * *
You sock the yak!
The yak is almost dead.
It was a potion of haste.
You feel yourself speed up.
Cheibriados forgives your accidental hurry, just this once.
The yak gores you!
You die...

#..≈≈.....≈≈..#
#..≈≈.....≈≈(##
#..##≈≈.≈≈##.##
##..##≈≈.≈≈##...
##............(..
#................
#.........##.....
#######.###.........#.#
#...YY@..####.........#
###''Y###.# #..........
#...(§..### #[.........
#..≈(..§§§# ###..........
#..≈(§.≈§≈§.##....†.......
#..§...§§§§§..###.........#
..≈.≈.§§§?≈.§§§##.........#
Y§...≈.#.§..§≈§.##........#
§§≈.≈.≈.≈.§.§§§..#........#


You could see 3 yaks.

Vanquished Creatures
  2 yaks (D:5)
  Purgy (Sewer)
  A bullfrog (D:4)
  A scorpion (D:5)
  2 hounds (D:4)
  A quasit (D:5)
  An orc priest (D:4)
  2 iguanas (D:4)
  Natasha (thrice) (D:3)
  3 orc wizards (D:4)
  4 worker ants
  A howler monkey zombie (D:5)
  Robin (D:2)
  4 adders
  A river rat (D:5)
  An ufetubus (D:5)
  An ooze (D:3)
  An adder zombie (D:5)
  A worm (D:3)
  5 dart slugs
  2 leopard geckos
  14 orcs
  6 ball pythons
  4 bats
  5 giant cockroaches
  17 goblins
  13 hobgoblins
  6 jackals
  3 quokkas
  5 frilled lizards
  4 kobolds (D:1)
  4 rats
120 creatures vanquished.

Notes
Turn   | Place    | Note
-------+----------+-------------------------------------------
     0 | D:1      | ilyvion the Gnoll Wanderer began the quest for the Orb.
     0 | D:1      | ilyvion set off with the following items: a +2
                  | quarterstaff, a +0 hand crossbow, 23 bolts, a potion of
                  | curing, a +0 robe
     0 | D:1      | Reached XP level 1. HP: 23/23 MP: 1/1
   636 | D:1      | Reached XP level 2. HP: 29/29 MP: 2/2
   883 | D:1      | Reached XP level 3. HP: 35/35 MP: 3/3
  1179 | D:2      | Noticed Robin
  1429 | D:1      | Reached skill level 1 in Invocations
  1525 | D:2      | Killed Robin
  1529 | D:2      | Reached skill level 1 in Short Blades
  1529 | D:2      | Reached skill level 1 in Long Blades
  1529 | D:2      | Reached skill level 1 in Axes
  1529 | D:2      | Reached skill level 1 in Polearms
  1529 | D:2      | Reached skill level 1 in Slings
  1529 | D:2      | Reached skill level 1 in Bows
  1529 | D:2      | Reached skill level 1 in Crossbows
  1529 | D:2      | Reached skill level 1 in Throwing
  1529 | D:2      | Reached skill level 1 in Dodging
  1529 | D:2      | Reached skill level 1 in Stealth
  1529 | D:2      | Reached skill level 1 in Unarmed Combat
  1529 | D:2      | Reached skill level 1 in Spellcasting
  1839 | D:2      | Reached XP level 4. HP: 41/41 MP: 5/5
  2592 | D:3      | Reached skill level 1 in Conjurations
  2592 | D:3      | Reached skill level 1 in Hexes
  2592 | D:3      | Reached skill level 1 in Summonings
  2592 | D:3      | Reached skill level 1 in Necromancy
  2592 | D:3      | Reached skill level 1 in Translocations
  2592 | D:3      | Reached skill level 1 in Transmutations
  2592 | D:3      | Reached skill level 1 in Fire Magic
  2592 | D:3      | Reached skill level 1 in Ice Magic
  2592 | D:3      | Reached skill level 1 in Air Magic
  2592 | D:3      | Reached skill level 1 in Earth Magic
  2592 | D:3      | Reached skill level 1 in Poison Magic
  2821 | D:3      | Noticed Natasha
  2824 | D:3      | Killed Natasha
  2825 | D:3      | Reached XP level 5. HP: 47/47 MP: 5/7
  2897 | D:3      | Noticed Natasha
  2905 | D:3      | Killed Natasha
  2999 | D:3      | Noticed Natasha
  3006 | D:3      | Killed Natasha
  3156 | D:3      | Found an opulent altar of Gozag.
  3564 | D:3      | Found a hazy altar of Hepliaklqana.
  4023 | D:4      | Reached XP level 6. HP: 53/53 MP: 8/8
  4159 | D:4      | Reached skill level 5 in Staves
  4159 | D:4      | Reached skill level 5 in Armour
  4231 | D:4      | Found a basalt altar of Yredelemnul.
  4241 | D:4      | Found a stormy altar of Qazlal.
  4632 | D:4      | Reached XP level 7. HP: 55/59 MP: 10/10
  4684 | D:4      | Found a staircase to the Ecumenical Temple.
  4692 | Temple   | Entered the Ecumenical Temple
  4746 | Temple   | Became a worshipper of Cheibriados the Contemplative
  4904 | D:4      | Reached skill level 7 in Fighting
  5056 | D:4      | Found a burning altar of Makhleb.
  5426 | D:5      | Entered Level 5 of the Dungeon
  5698 | D:5      | Found a glowing drain.
  5819 | Sewer    | Entered a sewer
  5902 | Sewer    | Noticed Purgy
  5918 | Sewer    | Killed Purgy
  6167 | D:5      | Reached * piety under Cheibriados
  6270 | D:5      | Got a bloodstained robe
  6281 | D:5      | Identified the +2 robe of Sif Muna's Whim {Str+4} (You
                  | found it on level 5 of the Dungeon)
  6335 | D:5      | Noticed a yak
  6348 | D:5      | Killed a yak
  6349 | D:5      | Reached XP level 8. HP: 53/67 MP: 12/12
  6415 | D:5      | Noticed a yak
  6415 | D:5      | Noticed a yak
  6415 | D:5      | Noticed a yak
  6425 | D:5      | Noticed a yak
  6435 | D:5      | Killed a yak
  6442 | D:5      | Slain by a yak

Illustrated notes

Levels and vault maps discovered:
D:1:      ncdulo_smallfort, layout_rooms, chequers_arboretum
D:2:      layout_basic, serial_forest, infiniplex_forest_lined_3,
          infiniplex_forest_clump_curved, infiniplex_forest_3_way,
          infiniplex_forest_lined_4_way, infiniplex_forest_straight_4,
          infiniplex_forest_end_double, infiniplex_forest_end_2,
          minmay_misc_feat_plants, minmay_goblin_outpost, uniq_robin
D:3:      layout_basic, nicolae_overflow_crystal_walls, lemuel_round_altar,
          uniq_natasha
D:4:      layout_basic, grunt_temple_overflow_open, kennysheep_little_box,
          minmay_temple_entry_overgrown
D:5:      layout_rooms, cheibrodos_sewer_entry_sluice,
          kennysheep_cluttered_room, grunt_ministairs_1
Temple:   compressed_dpeg_circular_temple

Skill      XL: |  1  2  3  4  5  6  7 |
---------------+----------------------+-----
Invocations    | 1 2 3 |  3.5
Short Blades   | 1 2 3 |  3.2
Long Blades    | 1 2 3 |  3.2
Axes           | 1 2 3 |  3.2
Polearms       | 1 2 3 |  3.2
Slings         | 1 2 3 |  3.2
Bows           | 1 2 3 |  3.2
Crossbows      | 1 2 3 |  3.2
Throwing       | 1 2 3 |  3.2
Dodging        | 1 2 3 |  3.2
Stealth        | 1 2 3 |  3.2
Unarmed Combat | 1 2 3 |  3.2
Spellcasting   | 1 2 3 |  3.2
Conjurations   | 1 2 |  2.6
Hexes          | 1 2 |  2.6
Summonings     | 1 2 |  2.6
Necromancy     | 1 2 |  2.6
Translocations | 1 2 |  2.6
Transmutations | 1 2 |  2.6
Fire Magic     | 1 2 |  2.6
Ice Magic      | 1 2 |  2.6
Air Magic      | 1 2 |  2.6
Earth Magic    | 1 2 |  2.6
Poison Magic   | 1 2 |  2.6
Maces & Flails | 3 4 |  4.1
Shields        | 3 4 |  4.1
Evocations     | 3 4 |  4.1
Staves         | 5 |  5.6
Armour         | 5 |  5.6
Fighting       | 7 |  7.3

Action                   |  1- 3 |  4- 6 |  7- 9 || total
-------------------------+-------+-------+-------++-------
Melee: Quarterstaff      |    84 |   112 |   117 ||   313
       Bite              |    10 |    13 |    17 ||    40
 Fire: Hunting sling     |       |    97 |    55 ||   152
Throw: Stone             |    25 |    12 |     2 ||    39
Invok: Bend Time         |       |       |     2 ||     2
  Use: Scroll            |       |       |     5 ||     5
       Potion            |       |       |     1 ||     1
Armor: Robe              |    17 |    18 |       ||    35
       Chain mail        |       |    15 |    89 ||   104
Dodge: Dodged            |    42 |    59 |    54 ||   155
